 Dungeon Crawl Stone Soup version 0.29-a0-1052-g6990b1bffc (webtiles) character file.

Game seed: 13478755269915812609

56 Zeldest the Chucker (level 4, 9/35 HPs)
             Began as a Meteoran Wanderer on Aug 17, 2022.
             Quit the game on level 4 of the Dungeon.
             The game lasted 00:09:27 (1206 turns).

Zeldest the Chucker (Meteoran Wanderer)             Turns: 1206, Time: 00:09:28

Health: 9/35       AC:  4    Str: 18    XL:     4   Next: 39%
Magic:  1/8        EV: 11    Int: 12    God:
Gold:   110        SH:  0    Dex: 12    Spells: 5/7 levels left

rFire   x . .      SeeInvis .   h - +0 dagger
rCold   + . .      Faith    .   (no shield)
rNeg    . . .      Spirit   .   e - +0 leather armour
rPois   .          Reflect  .   (no helmet)
rElec   .          Harm     .   (no cloak)
rCorr   .          Rampage  .   (no gloves)
Will    .....                   l - +0 pair of boots
Stlth   +.........              (no amulet)
HPRegen 0.11/turn               a - ring of ice
MPRegen 0.11/turn               (no ring)

@: glowing
A: sense surroundings 1, otherworldly, glowing, explore regen
a: no special abilities


You were on level 4 of the Dungeon.
You visited 1 branch of the dungeon, and saw 4 of its levels.

You collected 110 gold pieces.

Inventory:

Hand Weapons
 h - a +0 dagger (weapon)
Missiles
 b - 9 poisoned darts (quivered)
Armour
 e - a +0 leather armour (worn)
 l - a +0 pair of boots (worn)
Jewellery
 a - a ring of ice (left hand)
Scrolls
 c - 2 scrolls of vulnerability {unknown}
 d - 2 scrolls of fear
 f - 4 scrolls of enchant armour {unknown}
 g - 3 scrolls of teleportation {unknown}
 j - 2 scrolls of enchant weapon {unknown}
 n - a scroll of poison {unknown}
 p - a scroll of blinking {unknown}
Potions
 i - a potion of resistance {unknown}
 k - a potion of ambrosia {unknown}
 m - a potion of mutation {unknown}
 o - a potion of might {unknown}
 q - 2 potions of curing {unknown}


   Skills:
 + Level 1.1 Fighting
 + Level 1.2 Short Blades
 - Level 2.4 Polearms
 - Level 3.6 Throwing
 - Level 0.4 Dodging
 + Level 2.1 Spellcasting
 * Level 2.3 Hexes
 + Level 1.1 Ice Magic
 - Level 1.2 Air Magic
 - Level 1.4 Invocations
 - Level 2.4 Evocations


You had 5 spell levels left.
You knew the following spells:

 Your Spells              Type           Power      Damage    Failure   Level
a - Ensorcelled Hibernat  Hex/Ice        16%        N/A       24%         2

Your spell library contained the following spells:

 Spells                   Type           Power      Damage    Failure   Level
 Sting                    Tmut/Pois      4%         1d3       32%         1
 Poisonous Vapours        Pois/Air       4%         N/A       36%         2
 Static Discharge         Conj/Air       2%         3-4/arc   36%         2
 Passwall                 Tmut/Erth      0%         N/A       43%         2
 Swiftness                Air            4%         N/A       50%         3
 Inner Flame              Hex/Fire       4%         N/A       52%         3
 Cause Fear               Hex            3%         N/A       77%         4
 Olgreb's Toxic Radiance  Pois           1%         N/A       97%         4
 Discord                  Hex            3%         N/A       100%        8


Dungeon Overview and Level Annotations

Branches:
Dungeon (4/15) Zot: 1201
 Temple: D:4-7

Altars:
Okawaru


Innate Abilities, Weirdness & Mutations

You passively map a small area around you.
You are easily found by Zot.
You glow in the dark.
You regain HP and MP as you explore.


Message History

Confirm with . or Enter, or press ? or * to list all spells.
Aiming: Ensorcelled Hibernation (dangerous; 24% risk of failure)
Press: ? - help, Shift-Dir - straight line, f/p - worm
Aim: a worm (chance to affect: 50%)
You feel a surge of power!
The worm resists with some effort.
The worm bites you but does no damage.
Casting: Ensorcelled Hibernation (dangerous; 24% risk of failure)
Confirm with . or Enter, or press ? or * to list all spells.
You don't have enough magic to cast this spell.
You completely miss the worm. The worm bites you!
You hit the worm.
The worm is lightly wounded.
You hit the worm but do no damage.
The worm is lightly wounded.
The worm bites you but does no damage.
You hit the worm.
The worm is lightly wounded.
You hit the worm.
The worm is moderately wounded.
The worm barely misses you.
You hit the worm but do no damage.
The worm is moderately wounded.
You hit the worm but do no damage.
The worm is moderately wounded.
The worm bites you but does no damage.
You barely miss the worm.
The worm is lightly wounded.
You hit the worm.
The worm is moderately wounded.
The worm bites you!
Casting: Ensorcelled Hibernation (dangerous; 24% risk of failure)
Confirm with . or Enter, or press ? or * to list all spells.
Aiming: Ensorcelled Hibernation (dangerous; 24% risk of failure)
Press: ? - help, Shift-Dir - straight line, f/p - worm
Aim: a worm (moderately wounded, chance to affect: 50%)
You feel a surge of power!
The worm resists with some effort.
The worm bites you.
* * * LOW HITPOINT WARNING * * *
Your magical contamination has completely faded away.
Are you sure you want to abandon this character and quit the game? (Confirm with "yes".)

#........###.....##....##...
#........#..................
#........+<.................
#........#..†...............
#........#..................
#........#..##...##....##...
#.......###+##[..##....##...
#.......+...............#...
#......w#..@............#...
#.......#...............#...
#.......#........##....##...
#.....(...#####+#########...
##########........#.........
#........#.........
#........#.........
#........#......... *
#........#....##...


There were no monsters in sight!

Vanquished Creatures
  2 adders
  2 dart slugs
  An orc (D:3)
  3 ball pythons
  An endoplasm (D:1)
  2 giant cockroaches (D:4)
  4 goblins
  3 hobgoblins
  A jackal (D:2)
  A quokka (D:2)
  3 bats
  4 frilled lizards
  6 kobolds
  A rat (D:2)
34 creatures vanquished.

Vanquished Creatures (others)
  3 plants (D:2)
3 creatures vanquished.

Grand Total: 37 creatures vanquished

Notes
Turn   | Place    | Note
-------+----------+-------------------------------------------
     0 | D:1      | Zeldest the Meteoran Wanderer began the quest for the Orb.
     0 | D:1      | Zeldest set off with the following items: a +0 trident, 9
                  | poisoned darts, a +0 dagger, a scroll of fear, a +0 leather
                  | armour; and the following spells available to memorise:
                  | Poisonous Vapours, Static Discharge.
     0 | D:1      | Reached XP level 1. HP: 14/14 MP: 3/3
   117 | D:1      | Reached XP level 2. HP: 12/20 MP: 5/5
   170 | D:1      | Learned a level 2 spell: Ensorcelled Hibernation
   207 | D:1      | Reached skill level 1 in Hexes
   499 | D:1      | Glimpsed the power of Zot.
   659 | D:2      | Reached skill level 1 in Short Blades
   659 | D:2      | Reached XP level 3. HP: 17/27 MP: 6/6
   957 | D:3      | Found an iron altar of Okawaru.
   984 | D:3      | Reached skill level 1 in Fighting
  1046 | D:3      | Reached XP level 4. HP: 23/35 MP: 8/8
  1048 | D:3      | Reached skill level 1 in Ice Magic
  1206 | D:4      | Quit the game

Illustrated notes

Levels and vault maps discovered:
D:1:      lemuel_arrival_hallway, layout_loops_cross
D:2:      layout_basic, serial_forest, infiniplex_forest_end_3,
          infiniplex_forest_lined_3_way, infiniplex_forest_clump_double,
          infiniplex_forest_lined_3, infiniplex_forest_clump_diagonal,
          infiniplex_forest_straight_5, infiniplex_forest_lined_corner
D:3:      layout_basic, mainiacjoe_overflow_surrounded_room,
          mainiacjoe_overflow_tiny_flanked, hellmonk_ecumenical_altar_zigzags,
          chequers_jeans
D:4:      layout_gridville

Skill      XL: |  1  2  3  4 |
---------------+-------------+-----
Hexes          | 1 2 |  2.3
Short Blades   | 1 |  1.2
Spellcasting   | 2 |  2.1
Fighting       | 1 |  1.1
Ice Magic      | 1 |  1.1
Polearms       | |  2.4
Throwing       | |  3.6
Dodging        | |  0.4
Air Magic      | |  1.2
Invocations    | |  1.4
Evocations     | |  2.4

Action                   |  1- 3 |  4- 6 || total
-------------------------+-------+-------++-------
Melee: Trident           |    13 |       ||    13
       Dagger            |   142 |    34 ||   176
       Punch             |     2 |       ||     2
 Cast: Ensorcelled Hiber |     1 |     7 ||     8
 Stab: Sleeping          |     1 |     4 ||     5
Armor: Leather armour    |    53 |     7 ||    60
Dodge: Dodged            |    68 |    17 ||    85

Table legend: (Time is in decaauts)
 A = Elapsed time spent in this place.
 B = Non-inter-level travel time spent in this place.
 C = Inter-level travel time spent in this place.
 D = Time resting spent in this place.
 E = Time spent auto-exploring this place.
 F = Levels seen in this place.
 G = Mean time per level.
                   A        B        C        D        E       F      G
               +--------+--------+--------+--------+--------+-----+--------+
         Total |   1198 |   1152 |     46 |      0 |      0 |   4 |  299.5 |
       Dungeon |   1198 |   1152 |     46 |      0 |      0 |   4 |  299.5 |
               +--------+--------+--------+--------+--------+-----+--------+

Top non-repeatable levels by time:
     D:1: 575 daAuts
     D:2: 304 daAuts
     D:3: 178 daAuts
     D:4: 140 daAuts
